 Dungeon Crawl Stone Soup version 0.28.0-43-g3370ac3207 (webtiles) character file.

Game seed: 7920798178227720262

396 tizbic2 the Archer (level 6, 0/51 HPs)
             Began as a Gnoll Hunter on Mar 4, 2022.
             Slain by a quokka (4 damage)
             ... on level 4 of the Dungeon.
             The game lasted 00:13:56 (2751 turns).

tizbic2 the Archer (Gnoll Hunter)                   Turns: 2751, Time: 00:13:57

Health: 0/51       AC:  5    Str: 11    XL:     6   Next: 83%
Magic:  9/9        EV: 11    Int: 13    God:
Gold:   129        SH:  0    Dex: 12    Spells: 9/9 levels left

rFire   . . .      SeeInvis .   q - +1 short sword (drain)
rCold   . . .      Faith    .   (no shield)
rNeg    . . .      Spirit   .   e - +0 ring mail
rPois   .          Reflect  .   (no helmet)
rElec   .          Harm     .   (no cloak)
rCorr   .          Rampage  .   (no gloves)
Will    .....                   (no boots)
Stlth   ++........              (no amulet)
HPRegen 0.17/turn               (no ring)
MPRegen 0.11/turn               (no ring)

@: attractive
A: fangs 1, strong nose, distributed training
a: no special abilities


You were on level 4 of the Dungeon.
You visited 1 branch of the dungeon, and saw 4 of its levels.

You collected 129 gold pieces.

Inventory:

Hand Weapons
 h - a +0 hunting sling
 q - a +1 short sword of draining (weapon)
 w - a +1 shortbow
Missiles
 a - 183 stones (quivered)
 d - 16 arrows
 j - 2 atropa-tipped darts
Armour
 e - a +0 ring mail (worn)
Scrolls
 c - a scroll of brand weapon {unknown}
 g - 2 scrolls of teleportation {unknown}
 k - a scroll of magic mapping {unknown}
 l - a scroll of vulnerability {unknown}
Potions
 i - a potion of magic {unknown}


   Skills:
 + Level 5.0 Fighting
 + Level 2.1 Short Blades
 + Level 2.1 Long Blades
 + Level 2.1 Axes
 + Level 2.1 Maces & Flails
 + Level 2.1 Polearms
 + Level 2.1 Staves
 + Level 2.1 Slings
 + Level 8.8 Bows
 + Level 2.1 Crossbows
 + Level 2.1 Throwing
 + Level 2.1 Armour
 + Level 5.0 Dodging
 + Level 3.2 Stealth
 + Level 2.1 Shields
 + Level 2.1 Unarmed Combat
 + Level 2.1 Spellcasting
 + Level 1.7 Conjurations
 + Level 1.7 Hexes
 + Level 1.7 Summonings
 + Level 1.7 Necromancy
 + Level 1.7 Translocations
 + Level 1.7 Transmutations
 + Level 1.7 Fire Magic
 + Level 1.7 Ice Magic
 + Level 1.7 Air Magic
 + Level 1.7 Earth Magic
 + Level 1.7 Poison Magic
 + Level 2.3 Invocations
 + Level 2.1 Evocations


You had 9 spell levels left.
You didn't know any spells.
Your spell library contained the following spells:

 Spells                   Type           Power      Damage    Failure   Level
 Animate Skeleton         Necr           10%        N/A       28%         1
 Apportation              Tloc           10%        N/A       28%         1
 Summon Small Mammal      Summ           20%        N/A       28%         1
 Confusing Touch          Hex            5%         N/A       65%         3
 Yara's Violent Unravell  Hex/Tmut       2%         3d3       100%        5
 Enfeeble                 Hex            2%         N/A       100%        7


Dungeon Overview and Level Annotations

Branches:
Dungeon (4/15)
 Temple: D:4-7

Altars:
Fedhas


Innate Abilities, Weirdness & Mutations

You have very sharp teeth.
Your uncanny sense of smell can sniff out nearby items.
Your experience applies equally to all skills.


Message History

* * * LOW HITPOINT WARNING * * *
You hit the centaur but do no damage.
The centaur is lightly wounded.
The centaur hits you but does no damage.
The centaur kicks you but does no damage.
The quokka bites you.
* * * LOW HITPOINT WARNING * * *
You hit the centaur. You drain the centaur.
You bite the centaur, but do no damage.
The centaur is severely wounded.
The centaur barely misses you.
The centaur kicks you but does no damage.
The quokka closely misses you. The centaur barely misses you. x2
You hit the centaur but do no damage. You drain the centaur.
You punch the centaur, but do no damage.
The centaur is almost dead.
The quokka misses you. The centaur barely misses you.
The centaur kicks you but does no damage.
The quokka misses you.
You hit the centaur. You drain the centaur.
You kill the centaur!
The quokka barely misses you.
You hit the endoplasm. You drain the endoplasm.
You kill the endoplasm!
The quokka bites you.
* * * LOW HITPOINT WARNING * * *
You miss the quokka. You bite the quokka, but do no damage.
The quokka misses you.
You hit the quokka but do no damage. The quokka barely misses you.
The quokka bites you but does no damage.
Things that are here:
a +0 shortbow; 20 arrows; a centaur corpse You barely miss the quokka.
Your bite misses the quokka.
The quokka bites you but does no damage.
You barely miss the quokka.
The quokka bites you but does no damage.
The quokka bites you.
* * * LOW HITPOINT WARNING * * *
The quokka bites you.
You die...

......... .......#.#
.## ##.##...#
#..##.###.
...##...##..# #..#.# ##
#.#..)#.#..# #.###.###.
...#:#....# #.# #<.#.#
#.#)..#..###.# #...## #
#..[##.[....###..##
.##..##r##..##^.......#
...)....@..#####.####.#
.......##### #.# #.#
#####.. .######.####.#
### .............#
#######.###### #.# #.#
#†# #.#


You could see a quokka.

Vanquished Creatures
  A sky beast (D:3)
  A necrophage (D:4)
  2 centaurs (D:4)
  A worm (D:2)
  5 endoplasms
  3 giant cockroaches
  10 goblins
  9 hobgoblins
  4 quokkas
  5 ball pythons (D:1)
  2 bats (D:1)
  6 frilled lizards
  6 kobolds
  4 rats
59 creatures vanquished.

Notes
Turn   | Place    | Note
-------+----------+-------------------------------------------
     0 | D:1      | tizbic2 the Gnoll Hunter began the quest for the Orb.
     0 | D:1      | Reached XP level 1. HP: 20/20 MP: 1/1
   208 | D:1      | Reached XP level 2. HP: 26/26 MP: 2/2
   660 | D:1      | Reached XP level 3. HP: 31/31 MP: 3/3
   896 | D:2      | Found a blossoming altar of Fedhas.
  1009 | D:2      | Reached skill level 1 in Invocations
  1628 | D:2      | Reached skill level 1 in Short Blades
  1628 | D:2      | Reached skill level 1 in Long Blades
  1628 | D:2      | Reached skill level 1 in Axes
  1628 | D:2      | Reached skill level 1 in Maces & Flails
  1628 | D:2      | Reached skill level 1 in Polearms
  1628 | D:2      | Reached skill level 1 in Staves
  1628 | D:2      | Reached skill level 1 in Slings
  1628 | D:2      | Reached skill level 1 in Crossbows
  1628 | D:2      | Reached skill level 1 in Throwing
  1628 | D:2      | Reached skill level 1 in Armour
  1628 | D:2      | Reached skill level 1 in Shields
  1628 | D:2      | Reached skill level 1 in Unarmed Combat
  1628 | D:2      | Reached skill level 1 in Spellcasting
  1628 | D:2      | Reached skill level 1 in Evocations
  1920 | D:3      | Reached XP level 4. HP: 23/38 MP: 5/5
  2274 | D:3      | Noticed a sky beast
  2317 | D:3      | Killed a sky beast
  2318 | D:3      | Reached skill level 1 in Conjurations
  2318 | D:3      | Reached skill level 1 in Hexes
  2318 | D:3      | Reached skill level 1 in Summonings
  2318 | D:3      | Reached skill level 1 in Necromancy
  2318 | D:3      | Reached skill level 1 in Translocations
  2318 | D:3      | Reached skill level 1 in Transmutations
  2318 | D:3      | Reached skill level 1 in Fire Magic
  2318 | D:3      | Reached skill level 1 in Ice Magic
  2318 | D:3      | Reached skill level 1 in Air Magic
  2318 | D:3      | Reached skill level 1 in Earth Magic
  2318 | D:3      | Reached skill level 1 in Poison Magic
  2318 | D:3      | Reached XP level 5. HP: 38/43 MP: 5/7
  2688 | D:4      | Noticed a necrophage
  2701 | D:4      | Killed a necrophage
  2702 | D:4      | Reached XP level 6. HP: 50/50 MP: 8/8
  2737 | D:4      | Reached skill level 5 in Fighting
  2737 | D:4      | Reached skill level 5 in Dodging
  2751 | D:4      | Slain by a quokka

Illustrated notes

Levels and vault maps discovered:
D:1:      saegor_arrival_simple_a, layout_basic
D:2:      kennysheep_the_goblin_king, layout_rooms, basic_altar,
          serial_aquarium, aquarium_bridge_square [aquarium_subvault_window,
          aquarium_subvault_window, aquarium_subvault_bridge,
          aquarium_subvault_bridge], aquarium_window_1, aquarium_window_1,
          aquarium_view_2a, aquarium_view_2e, aquarium_pool_double,
          kennysheep_generic_room_9
D:3:      layout_loops_ring
D:4:      minmay_recursive_quarters, layout_loops_ring,
          minmay_temple_entry_butterflies, chequers_arboretum,
          hangedman_feature_mirror, minmay_manual_mares, uniq_natasha,
          uniq_menkaure

Skill      XL: |  1  2  3  4  5  6 |
---------------+-------------------+-----
Invocations    | 1 2 |  2.3
Short Blades   | 1 2 |  2.1
Long Blades    | 1 2 |  2.1
Axes           | 1 2 |  2.1
Maces & Flails | 1 2 |  2.1
Polearms       | 1 2 |  2.1
Staves         | 1 2 |  2.1
Slings         | 1 2 |  2.1
Crossbows      | 1 2 |  2.1
Throwing       | 1 2 |  2.1
Armour         | 1 2 |  2.1
Shields        | 1 2 |  2.1
Unarmed Combat | 1 2 |  2.1
Spellcasting   | 1 2 |  2.1
Evocations     | 1 2 |  2.1
Conjurations   | 1 |  1.7
Hexes          | 1 |  1.7
Summonings     | 1 |  1.7
Necromancy     | 1 |  1.7
Translocations | 1 |  1.7
Transmutations | 1 |  1.7
Fire Magic     | 1 |  1.7
Ice Magic      | 1 |  1.7
Air Magic      | 1 |  1.7
Earth Magic    | 1 |  1.7
Poison Magic   | 1 |  1.7
Stealth        | 3 |  3.2
Fighting       | 5 |  5.0
Dodging        | 5 |  5.0
Bows           | |  8.8

Action                   |  1- 3 |  4- 6 || total
-------------------------+-------+-------++-------
Melee: Dagger            |     3 |       ||     3
       Rapier            |     5 |       ||     5
       Bite              |     1 |     2 ||     3
       Short sword       |    21 |    36 ||    57
       Punch             |       |     1 ||     1
 Fire: Shortbow          |    95 |    20 ||   115
  Use: Scroll            |     2 |       ||     2
       Potion            |       |     2 ||     2
Armor: Leather armour    |     6 |       ||     6
       Ring mail         |     8 |    39 ||    47
Dodge: Dodged            |    36 |    60 ||    96
